 Dungeon Crawl Stone Soup version 0.30-a0-726-gd89dcf765f (webtiles) character file.

Game seed: 3756341832588931701

8 Bnni the Trooper (level 2, 24/24 HPs)
             Began as a Demonspawn Fighter on Jan 29, 2023.
             Quit the game on level 1 of the Dungeon.
             The game lasted 00:00:25 (260 turns).

Bnni the Trooper (Demonspawn Fighter)                Turns: 260, Time: 00:00:26

Health: 24/24      AC:  6    Str: 16    XL:     2   Next: 0%
Magic:  2/2        EV:  8    Int:  9    God:
Gold:   20         SH:  4    Dex: 12    Spells: 1/1 levels left

rFire   . . .      SeeInvis .    a - +0 trident
rCold   . . .      Faith    .    c - +0 buckler
rNeg    . . .      Spirit   .    b - +0 scale mail
rPois   .          Reflect  .    (no helmet)
rElec   .          Harm     .    (no cloak)
rCorr   .          Rampage  .    (no gloves)
Will    .....                    (no boots) Stlth
                                 (no amulet)
HPRegen 0.24/turn                (no ring)
MPRegen 0.08/turn                (no ring)

@: no status effects
A: sanguine armour 1
a: no special abilities


You were on level 1 of the Dungeon.
You visited 1 branch of the dungeon, and saw 1 of its levels.

You collected 20 gold pieces.

Inventory:

Hand Weapons
 a - a +0 trident (weapon)
Armour
 b - a +0 scale mail (worn)
 c - a +0 buckler (worn)
Potions
 d - a potion of might
 e - a potion of degeneration {unknown}


   Skills:
 + Level 3.1 Fighting
 * Level 2.1 Polearms
 - Level 2.6 Armour
 * Level 2.9 Shields


You had one spell level left.
You didn't know any spells.
Your spell library was empty.

Dungeon Overview and Level Annotations

Branches:
Dungeon (1/15)

Altars:


Innate Abilities, Weirdness & Mutations

When seriously injured, your blood forms armour. (AC +0)


Message History

You see here a giant cockroach corpse.
There are monsters nearby!
You reach to attack!
You closely miss the rat. You closely miss the rat. The rat bites you.
The rat bites you but does no damage.
You hit the rat but do no damage. The rat bites you but does no damage.
You hit the dart slug.
The dart slug is lightly wounded.
The rat bites you. You block the dart slug's attack.
You hit the dart slug.
The dart slug is severely wounded.
You block the rat's attack. The dart slug completely misses you.
You puncture the dart slug!
You kill the dart slug!
The rat barely misses you. You block the rat's attack.
Your Polearms skill increases to level 2!
You barely miss the rat. The rat barely misses you.
You barely miss the rat. The rat bites you but does no damage.
You hit the rat but do no damage. The rat bites you but does no damage.
You hit the rat but do no damage. The rat bites you but does no damage.
The rat closely misses you.
You closely miss the rat. The rat bites you but does no damage.
A rat is nearby!
You puncture the rat!
You kill the rat!
You see here a +0 ring mail.
You see here a +2 leather armour of cold resistance.
No target in view!
No target in view!
A rat comes into view.
You reach to attack!
You puncture the rat!
You kill the rat!
You have reached level 2!
Your demonic ancestry asserts itself...
You feel your blood ready itself to protect you.
Are you sure you want to abandon this character and quit the game? (Confirm with "yes".)
Okay, then.
You aren't carrying any scrolls.
Unknown command.
Are you sure you want to abandon this character and quit the game? (Confirm with "yes".)

#####.###..#..# #.#
#.......#.....# #.#
#..[..†........ #.#
#....##.##.#.####.#
#.....#.#.......#.#
#.....#.#..#+##.#.#
#.....#.#.........###
#[....#.#...........#
#...@.#.##........#.#
#####.#.##......#.#.#
†#.#.......#.#†#
.#.#.#....##....
.#......#.......
####.##.#.###...
##########.##.#.......
#...........#.#####.>.
#.......#####.####....


There were no monsters in sight!

Vanquished Creatures
  A dart slug (D:1)
  An endoplasm (D:1)
  A giant cockroach (D:1)
  A hobgoblin (D:1)
  2 rats (D:1)
6 creatures vanquished.

Notes
Turn   | Place    | Note
-------+----------+-------------------------------------------
     0 | D:1      | Bnni the Demonspawn Fighter began the quest for the Orb.
     0 | D:1      | Reached XP level 1. HP: 18/18 MP: 1/1
   260 | D:1      | Gained mutation: When seriously injured, your blood forms
                  | armour. (AC +0) [demonic ancestry]
   260 | D:1      | Reached XP level 2. HP: 24/24 MP: 2/2
   260 | D:1      | Quit the game

Illustrated notes

Levels and vault maps discovered:
D:1:      lightli_arrival_lavapool, layout_basic

Skill      XL: |  1 |
---------------+----+-----
Polearms       | 2 |  2.1
Fighting       | |  3.1
Armour         | |  2.6
Shields        | |  2.9

Action                     || total
---------------------------++-------
  Melee: Trident           ||    23
 Armour: Scale mail        ||     7
  Dodge: Dodged            ||     9
  Block: Buckler           ||     4

Table legend: (Time is in decaauts)
 A = Elapsed time spent in this place.
 B = Non-inter-level travel time spent in this place.
 C = Inter-level travel time spent in this place.
 D = Time resting spent in this place.
 E = Time spent auto-exploring this place.
 F = Levels seen in this place.
 G = Mean time per level.
                   A        B        C        D        E       F      G
               +--------+--------+--------+--------+--------+-----+--------+
         Total |    265 |    265 |      0 |      0 |    222 |   1 |  265.0 |
       Dungeon |    265 |    265 |      0 |      0 |    222 |   1 |  265.0 |
               +--------+--------+--------+--------+--------+-----+--------+

Top non-repeatable levels by time:
     D:1: 265 daAuts
